 Dungeon Crawl Stone Soup version 0.17.1-3-g152610e (webtiles) character file.

112 Gargoyl the Skirmisher (level 4, -1/37 HPs)
             Began as a Demonspawn Abyssal Knight on Mar 12, 2016.
             Was a Believer of Lugonu.
             Slain by a gnoll
             ... wielding a +0 flail
              (8 damage)
             ... on level 3 of the Dungeon.
             The game lasted 00:07:25 (1762 turns).

Gargoyl the Skirmisher (Demonspawn Abyssal Knight)  Turns: 1762, Time: 00:07:25

Health: -1/37      AC: 10    Str: 13    XL:     4   Next: 64%
Magic:  6/6        EV:  6    Int: 14    God:    Lugonu [**....]
Gold:   145        SH:  0    Dex: 12    Spells: 0 memorised, 3 levels left

rFire  . . .     SeeInvis .     z - +2 hand axe (flame)
rCold  . . .     Clarity  .     u - +0 chain mail
rNeg   + . .     SustAt   .     (no shield)
rPois  .         Gourm    .     (helmet restricted)
rElec  .         Spirit   .     (no cloak)
rCorr  .         Warding  .     (no gloves)
rMut   .         Stasis   .     (no boots)
MR     .....                    i - amulet of regeneration
Stlth  ..........               (no ring)
                                m - ring of positive energy

@: not resistant to hostile enchantments, extremely unstealthy
A: horns 1, slimy green scales 1, rot immunity
a: Depart the Abyss, Bend Space, Renounce Religion


You were on level 3 of the Dungeon.
You worshipped Lugonu.
Lugonu was pleased with you.
You were not hungry.

You visited 1 branch of the dungeon, and saw 3 of its levels.
You visited the Abyss 1 time.

You collected 145 gold pieces.

Inventory:

Hand Weapons
 z - a +2 hand axe of flaming (weapon)
Missiles
 l - 4 javelins (quivered)
Armour
 u - a +0 chain mail (worn)
Jewellery
 i - an amulet of regeneration (around neck)
 m - a ring of positive energy (left hand)
Scrolls
 a - a scroll of random uselessness {unknown}
 d - a scroll of recharging
 n - a scroll of fear {unknown}
 o - a scroll of remove curse {unknown}
 r - a scroll of amnesia {unknown}
 s - a scroll of magic mapping {unknown}
 t - a scroll of noise {unknown}
 w - 2 scrolls of immolation {unknown}
Potions
 f - a potion of ambrosia {unknown}
 g - a potion of agility {unknown}
 k - 2 potions of curing {unknown}
 p - 2 potions of might {unknown}
 q - a potion of haste {unknown}
 v - 2 potions of lignification {unknown}
Comestibles
 b - 2 beef jerkies
 c - 2 bread rations
 h - 2 meat rations
 j - 2 chunks of flesh


   Skills:
 + Level 3.8 Fighting
 + Level 2.4 Axes
 + Level 2.6 Armour
 + Level 1.6 Dodging
 + Level 0.2 Stealth
 + Level 3.1 Invocations


You had 3 spell levels left.
You didn't know any spells.

Dungeon Overview and Level Annotations

Branches:
Dungeon (3/15)

Altars:
Vehumet


Innate Abilities, Weirdness & Mutations

You have a pair of small horns on your head.
You are partially covered in slimy green scales (AC +2).
You are immune to rotting.


Message History

You closely miss the gnoll.
The gnoll is almost dead.
You hit the gnoll. You burn the gnoll.
The gnoll is heavily wounded.
The gnoll hits you. The gnoll hits you with a flail. The gnoll hits you.
Unknown command.
You hit the gnoll but do no damage.
The gnoll is almost dead.
Your chain mail prevents you from hitting the gnoll.
The gnoll is heavily wounded.
The gnoll hits you but does no damage. The gnoll hits you with a flail!
Unknown command.
You barely miss the gnoll.
The gnoll is almost dead.
You hit the gnoll. You burn the gnoll.
The gnoll is almost dead.
The gnoll hits you.
* * * LOW HITPOINT WARNING * * *
The gnoll hits you with a flail!
You die...

### #.. ##### ##.# ...#
##...
#######.########..#.
#####.g$.............###
#.....g@.......#####..#.
#g###.#####.##.# ##...
.. #.##.#######.# ##
#.##..........
#.##.#######.. #.#.#.
#..... #..# #.##.##.†
#....... .######.


You could see 2 gnolls and a hobgoblin (wandering).

Vanquished Creatures
  Terence (D:1)
  3 adders
  An ooze (D:2)
  2 worms
  3 giant geckos
  3 giant cockroaches
  6 goblins
  5 hobgoblins
  3 kobolds
  A quokka (D:3)
  11 bats
  4 giant newts
  6 rats
49 creatures vanquished.

Notes
Turn   | Place    | Note
--------------------------------------------------------------
     0 | Abyss:1  | Gargoyl the Demonspawn Abyssal Knight began the quest for the Orb.
     0 | Abyss:1  | Reached XP level 1. HP: 18/18 MP: 2/2
   171 | Abyss:1  | Noticed a smoke demon
   172 | Abyss:1  | Noticed an ancient zyme
   173 | D:1      | Escaped the Abyss
   266 | D:1      | Gained mutation: You are immune to rotting. [demonic ancestry]
   266 | D:1      | Reached XP level 2. HP: 24/24 MP: 4/4
   318 | D:1      | Reached * piety under Lugonu
   397 | D:1      | Reached skill level 1 in Dodging
   741 | D:2      | Gained mutation: You are partially covered in slimy green scales (AC +2). [demonic ancestry]
   741 | D:2      | Reached XP level 3. HP: 25/29 MP: 5/5
   785 | D:2      | Noticed Terence
   843 | D:1      | Killed Terence
   843 | D:1      | Gained mutation: You have a pair of small horns on your head. [demonic ancestry]
   843 | D:1      | Reached XP level 4. HP: 17/36 MP: 6/6
  1026 | D:2      | Reached ** piety under Lugonu
  1563 | D:3      | Found a radiant altar of Vehumet.
  1762 | D:3      | Slain by a gnoll

Action                   |  1- 3 |  4- 6 || total
-------------------------+-------+-------++-------
Melee: Hand axe          |   112 |    84 ||   196
Invok: Depart the Abyss  |     1 |       ||     1
  Use: Scroll            |       |     5 ||     5
  Eat: Chunk             |       |     4 ||     4
